TOP OF THE 1ST |
Portland Sea Dogs batting - Pitching for Trenton Thunder : RHP Aneirin Cadwallader
|
Pitching: RHP Aneirin Cadwallader
|
|
Batting: RHB Larry Brocato
|
0-0: Ball 1-0: Foul Ball, location: 2F 1-1: Foul Ball, location: 2F 1-2: Fly out, F8 (Flyball, 89M, EV 85.0 MPH)
|
Batting: RHB Joe Sandoval
|
0-0: Called Strike 0-1: Ball 1-1: Foul Ball, location: 2F 1-2: Fly out, F6 (Flyball, 6MD, EV 88.8 MPH)
|
Batting: LHB David Moore
|
0-0: SINGLE (Line Drive, 78S, EV 100.6 MPH)
|
Batting: RHB Dave Burwell
|
0-0: Called Strike 0-1: Ball 1-1: Ball 2-1: Ball Wild Pitch! David Moore to second 3-1: Swinging Strike 3-2: Foul Ball, location: 2F 3-2: Foul Ball, location: 2F 3-2: Fly out, F7 (Flyball, 78M, EV 91.9 MPH)
|
Top of the 1st over - 0 runs, 1 hit, 0 errors, 1 left on base; Portland 0 - Trenton 0 |
BOTTOM OF THE 1ST |
Trenton Thunder batting - Pitching for Portland Sea Dogs : LHP Nick Barnes
|
Pitching: LHP Nick Barnes
|
|
Batting: RHB Phil Reeves
|
0-0: Foul Ball, location: 2F 0-1: Ball 1-1: SINGLE (Groundball, 6MD, EV 99.4 MPH)
|
Batting: RHB Tim Osborn
|
0-0: Ball 1-0: Called Strike 1-1: Fly out, F6 (Line Drive, 6, EV 67.5 MPH)
|
Batting: RHB Javier Umanzor
|
0-0: Called Strike Phil Reeves is caught stealing 2nd base 2-4 0-1: Foul Ball, location: 2F 0-2: Ball 1-2: Strikes out swinging, 2-3 out at first.
|
Bottom of the 1st over - 0 runs, 1 hit, 0 errors, 0 left on base; Portland 0 - Trenton 0 |
TOP OF THE 2ND |
Portland Sea Dogs batting - Pitching for Trenton Thunder : RHP Aneirin Cadwallader
|
Batting: LHB Dave Reyes
|
0-0: SINGLE (Groundball, 34D, EV 97.5 MPH)
|
Batting: RHB Alex Melendez
|
0-0: Called Strike Dave Reyes steals 2nd, throwing error, E2 Dave Reyes to third 0-1: Called Strike 0-2: Strikes out swinging
|
Batting: RHB Mike Batko
|
0-0: Fly out, F6 (Popup, 15S, EV 82.5 MPH)
|
Batting: RHB Miguel Villanueva
|
0-0: Foul Ball, location: 2F 0-1: Ball 1-1: Swinging Strike 1-2: Ground out 4-3 (Groundball, 4, EV 105.0 MPH)
|
Top of the 2nd over - 0 runs, 1 hit, 1 error, 1 left on base; Portland 0 - Trenton 0 |
BOTTOM OF THE 2ND |
Trenton Thunder batting - Pitching for Portland Sea Dogs : LHP Nick Barnes
|
Batting: RHB Sam Hubbert
|
0-0: Ball 1-0: Foul Ball, location: 2F 1-1: Swinging Strike 1-2: Ball 2-2: Strikes out swinging
|
Batting: RHB Christian Shearer
|
0-0: Called Strike 0-1: Ball 1-1: Fly out, F3 (Popup, 23F, EV 88.8 MPH)
|
Batting: LHB Jared Zulkowski
|
0-0: Ball 1-0: Ball 2-0: Ball 3-0: Foul Ball, location: 2F 3-1: Swinging Strike 3-2: Strikes out swinging
|
Bottom of the 2nd over - 0 runs, 0 hits, 0 errors, 0 left on base; Portland 0 - Trenton 0 |
TOP OF THE 3RD |
Portland Sea Dogs batting - Pitching for Trenton Thunder : RHP Aneirin Cadwallader
|
Batting: RHB Frank Sokolosky
|
0-0: Called Strike 0-1: Called Strike 0-2: Ball 1-2: Foul Ball, location: 2F 1-2: Ground out 6-3 (Groundball, 6, EV 76.2 MPH)
|
Batting: RHB Larry Brocato
|
0-0: Ground out U3 (Groundball, 34S, EV 85.6 MPH)
|
Batting: RHB Joe Sandoval
|
0-0: Swinging Strike 0-1: Ball 1-1: Ball 2-1: Ball 3-1: DOUBLE (Line Drive, 7LM, EV 104.4 MPH)
|
Batting: LHB David Moore
|
0-0: Called Strike 0-1: Swinging Strike 0-2: Strikes out swinging
|
Top of the 3rd over - 0 runs, 1 hit, 0 errors, 1 left on base; Portland 0 - Trenton 0 |
BOTTOM OF THE 3RD |
Trenton Thunder batting - Pitching for Portland Sea Dogs : LHP Nick Barnes
|
Batting: RHB Alex Colon
|
0-0: Called Strike 0-1: Ball 1-1: Foul Ball, location: 2F 1-2: Ball 2-2: Foul Ball, location: 2F 2-2: Strikes out looking
|
Batting: SHB David Stewart
|
0-0: Ball 1-0: Called Strike 1-1: Foul Ball, location: 2F 1-2: Strikes out swinging
|
Batting: SHB Houston Phillips
|
0-0: Foul Ball, location: 2F 0-1: Ball 1-1: Ball 2-1: SINGLE (Groundball, 6MD, EV 103.1 MPH)
|
Batting: RHB Phil Reeves
|
0-0: Foul Ball, location: 2F 0-1: Foul Ball, location: 2F 0-2: Strikes out swinging
|
Bottom of the 3rd over - 0 runs, 1 hit, 0 errors, 1 left on base; Portland 0 - Trenton 0 |
TOP OF THE 4TH |
Portland Sea Dogs batting - Pitching for Trenton Thunder : RHP Aneirin Cadwallader
|
Batting: RHB Dave Burwell
|
0-0: Called Strike 0-1: SINGLE (Line Drive, 7S, EV 90.0 MPH)
|
Batting: LHB Dave Reyes
|
0-0: Ball 1-0: Ball Dave Burwell is caught stealing 2nd base 2-6 2-0: Called Strike 2-1: Foul Ball, location: 2F 2-2: Ball 3-2: SINGLE (Line Drive, 89S, EV 104.4 MPH)
|
Batting: RHB Alex Melendez
|
0-0: Called Strike 0-1: Ball 1-1: Ball 2-1: Ball Dave Reyes steals 2nd base 3-1: Ground out 5-3 (Groundball, 5, EV 103.1 MPH)
|
Batting: RHB Mike Batko
|
0-0: Called Strike 0-1: Ball 1-1: DOUBLE (Groundball, 5L, EV 106.2 MPH) Dave Reyes scores
|
Batting: RHB Miguel Villanueva
|
0-0: Called Strike 0-1: Foul Ball, location: 2F 0-2: Strikes out swinging
|
Top of the 4th over - 1 run, 3 hits, 0 errors, 1 left on base; Portland 1 - Trenton 0 |
BOTTOM OF THE 4TH |
Trenton Thunder batting - Pitching for Portland Sea Dogs : LHP Nick Barnes
|
Batting: RHB Tim Osborn
|
0-0: Called Strike 0-1: Ground out 6-3 (Groundball, 6MD, EV 83.1 MPH)
|
Batting: RHB Javier Umanzor
|
0-0: Ball 1-0: Called Strike 1-1: Ball 2-1: Ball 3-1: Base on Balls
|
Batting: RHB Sam Hubbert
|
0-0: Called Strike 0-1: Fly out, F9 (Line Drive, 89M, EV 90.0 MPH)
|
Batting: RHB Christian Shearer
|
0-0: Called Strike 0-1: Ball 1-1: Swinging Strike 1-2: Fly out, F9 (Flyball, 89M, EV 89.4 MPH)
|
Bottom of the 4th over - 0 runs, 0 hits, 0 errors, 1 left on base; Portland 1 - Trenton 0 |
TOP OF THE 5TH |
Portland Sea Dogs batting - Pitching for Trenton Thunder : RHP Aneirin Cadwallader
|
Batting: RHB Frank Sokolosky
|
0-0: Ground out 4-3 (Groundball, 4, EV 86.2 MPH)
|
Batting: RHB Larry Brocato
|
0-0: Ball 1-0: Ball 2-0: Ball 3-0: Called Strike 3-1: Ground out 6-3 (Groundball, 6, EV 91.2 MPH)
|
Batting: RHB Joe Sandoval
|
0-0: Ball 1-0: Ball 2-0: Ball 3-0: Base on Balls
|
Batting: LHB David Moore
|
0-0: Called Strike 0-1: Ball Joe Sandoval steals 2nd base 1-1: Foul Ball, location: 2F 1-2: Ball 2-2: Ball 3-2: SINGLE (Groundball, 4MS, EV 66.2 MPH) (infield hit) Joe Sandoval to third
|
Batting: RHB Dave Burwell
|
0-0: SINGLE (Line Drive, 8RS, EV 113.1 MPH) Joe Sandoval scores David Moore to second
|
Batting: LHB Dave Reyes
|
0-0: Ball 1-0: Foul Ball, location: 2F 1-1: Foul Ball, location: 2F 1-2: SINGLE (Line Drive, 8RS, EV 98.1 MPH) David Moore to third Dave Burwell to second Runner from 3rd tries for Home, SAFE, throw by CF to home
|
Batting: RHB Alex Melendez
|
0-0: Foul Ball, location: 2F 0-1: Ball 1-1: Ball 2-1: Called Strike 2-2: DOUBLE (Groundball, 5L, EV 103.1 MPH) Dave Burwell scores Dave Reyes to third Runner from 3rd tries for Home, throw by LF and OUT! 7-2
|
Top of the 5th over - 3 runs, 4 hits, 0 errors, 1 left on base; Portland 4 - Trenton 0 |
BOTTOM OF THE 5TH |
Trenton Thunder batting - Pitching for Portland Sea Dogs : LHP Nick Barnes
|
Batting: LHB Jared Zulkowski
|
0-0: Foul Ball, location: 2F 0-1: Ball 1-1: Foul Ball, location: 2F 1-2: Ground out 4-3 (Groundball, 4, EV 93.1 MPH)
|
Batting: RHB Alex Colon
|
0-0: Swinging Strike 0-1: Ball 1-1: Ball 2-1: Ground out 5-3 (Groundball, 56, EV 104.4 MPH)
|
Batting: SHB David Stewart
|
0-0: Ground out 6-3 (Groundball, 56, EV 78.8 MPH)
|
Bottom of the 5th over - 0 runs, 0 hits, 0 errors, 0 left on base; Portland 4 - Trenton 0 |
TOP OF THE 6TH |
Portland Sea Dogs batting - Pitching for Trenton Thunder : RHP Aneirin Cadwallader
|
Batting: RHB Mike Batko
|
0-0: Ball 1-0: Ball 2-0: Ball 3-0: Base on Balls
|
Batting: RHB Miguel Villanueva
|
0-0: Ball 1-0: DOUBLE (Line Drive, 78XD, EV 107.5 MPH) Mike Batko to third Runner from 3rd tries for Home, SAFE, throw by CF to home
|
Pitching: RHP Angel Gutierres
|
|
Batting: RHB Frank Sokolosky
|
0-0: Foul Ball, location: 2F 0-1: Ground out 2-3 (Groundball, 2L, EV 67.5 MPH) Miguel Villanueva to third
|
Batting: RHB Larry Brocato
|
0-0: Called Strike 0-1: Ball 1-1: Ball 2-1: Ball 3-1: Swinging Strike 3-2: Ground out 6-3 (Groundball, 6MS, EV 68.1 MPH) Miguel Villanueva scores
|
Batting: RHB Joe Sandoval
|
0-0: Ball 1-0: Ball 2-0: Ball 3-0: Called Strike 3-1: TRIPLE (Groundball, 3L, EV 94.4 MPH)
|
Batting: LHB David Moore
|
0-0: Called Strike 0-1: Ball 1-1: Swinging Strike 1-2: Strikes out looking
|
Top of the 6th over - 2 runs, 2 hits, 0 errors, 1 left on base; Portland 6 - Trenton 0 |
BOTTOM OF THE 6TH |
Trenton Thunder batting - Pitching for Portland Sea Dogs : LHP Nick Barnes
|
Batting: SHB Houston Phillips
|
0-0: Ball 1-0: Called Strike 1-1: Called Strike 1-2: Hit by Pitch
|
Batting: RHB Phil Reeves
|
0-0: Ball 1-0: Fly out, F9 (Flyball, 9D, EV 100.6 MPH)
|
Batting: RHB Tim Osborn
|
0-0: Ball 1-0: Called Strike 1-1: Ball 2-1: Called Strike 2-2: Strikes out looking
|
Batting: RHB Javier Umanzor
|
0-0: Called Strike 0-1: Called Strike 0-2: Ball 1-2: Strikes out swinging
|
Bottom of the 6th over - 0 runs, 0 hits, 0 errors, 1 left on base; Portland 6 - Trenton 0 |
TOP OF THE 7TH |
Portland Sea Dogs batting - Pitching for Trenton Thunder : RHP Angel Gutierres
|
Batting: RHB Dave Burwell
|
0-0: Ball 1-0: Foul Ball, location: 2F 1-1: Foul Ball, location: 2F 1-2: Ground out 6-3 (Groundball, 6, EV 85.6 MPH)
|
Batting: LHB Dave Reyes
|
0-0: Called Strike 0-1: Swinging Strike 0-2: Strikes out swinging
|
Batting: RHB Alex Melendez
|
0-0: Ball 1-0: Ball 2-0: Foul Ball, location: 2F 2-1: Called Strike 2-2: Ground out 4-3 (Groundball, 4, EV 85.0 MPH)
|
Top of the 7th over - 0 runs, 0 hits, 0 errors, 0 left on base; Portland 6 - Trenton 0 |
BOTTOM OF THE 7TH |
Trenton Thunder batting - Pitching for Portland Sea Dogs : LHP Nick Barnes
|
Batting: RHB Sam Hubbert
|
0-0: Ball 1-0: SINGLE (Groundball, 34D, EV 101.9 MPH)
|
Batting: RHB Christian Shearer
|
0-0: Ball 1-0: Ball 2-0: Ball 3-0: Base on Balls Sam Hubbert to second
|
Batting: LHB Jared Zulkowski
|
0-0: Ball 1-0: Ball 2-0: Called Strike 2-1: Ball 3-1: Base on Balls Sam Hubbert to third Christian Shearer to second
|
Batting: RHB Alex Colon
|
0-0: Ball 1-0: Ball 2-0: Ball 3-0: Base on Balls Sam Hubbert scores Christian Shearer to third Jared Zulkowski to second
|
Pitching: RHP Pedro Torres
|
|
Batting: SHB David Stewart
|
0-0: Ball 1-0: Fielders Choice at 2nd, 3-6 (Groundball, 34, EV 100.6 MPH) Christian Shearer scores Jared Zulkowski to third
|
Batting: SHB Houston Phillips
|
0-0: Ball David Stewart steals 2nd base 1-0: Ball 2-0: Foul Ball, location: 2F 2-1: SINGLE (Flyball, 7S, EV 91.9 MPH) Jared Zulkowski scores David Stewart to third Runner from 3rd tries for Home, SAFE, throw by LF to home
|
Batting: RHB Phil Reeves
|
0-0: Ball 1-0: Swinging Strike 1-1: Ball 2-1: Swinging Strike 2-2: Strikes out swinging
|
Batting: RHB Tim Osborn
|
0-0: Ground out 4-3 (Groundball, 4, EV 93.1 MPH)
|
Bottom of the 7th over - 4 runs, 2 hits, 0 errors, 1 left on base; Portland 6 - Trenton 4 |
TOP OF THE 8TH |
Portland Sea Dogs batting - Pitching for Trenton Thunder : RHP Angel Gutierres
|
Pitching: RHP Jimmy Wilder
|
|
Batting: RHB Mike Batko
|
0-0: Ball 1-0: SINGLE (Groundball, 56D, EV 101.9 MPH)
|
Batting: RHB Miguel Villanueva
|
0-0: Ball 1-0: Swinging Strike 1-1: Ball 2-1: Hit by Pitch Mike Batko to second
|
Batting: RHB Frank Sokolosky
|
0-0: Called Strike 0-1: Called Strike 0-2: Strikes out looking
|
Batting: RHB Larry Brocato
|
0-0: Ball 1-0: Foul Ball, location: 2F 1-1: Fly out, F8 (Flyball, 8RXD, EV 102.5 MPH) Runner from 2nd tags up, SAFE at 3rd, no throw by CF
|
Batting: RHB Joe Sandoval
|
0-0: Swinging Strike 0-1: Foul Ball, location: 2F 0-2: Strikes out swinging
|
Top of the 8th over - 0 runs, 1 hit, 0 errors, 2 left on base; Portland 6 - Trenton 4 |
BOTTOM OF THE 8TH |
Trenton Thunder batting - Pitching for Portland Sea Dogs : RHP Pedro Torres
|
Batting: RHB Javier Umanzor
|
0-0: Swinging Strike 0-1: Ball 1-1: Ball 2-1: Ball 3-1: Foul Ball, location: 2F 3-2: Base on Balls
|
Batting: RHB Sam Hubbert
|
0-0: Swinging Strike 0-1: Fly out, F9 (Flyball, 9D, EV 81.2 MPH)
|
Batting: RHB Christian Shearer
|
0-0: Ball 1-0: Foul Ball, location: 2F 1-1: Foul Ball, location: 2F 1-2: Fielders Choice at 2nd, 6-4 (Groundball, 6, EV 92.5 MPH)
|
Batting: LHB Jared Zulkowski
|
0-0: Ball 1-0: Ball 2-0: 2-RUN HOME RUN (Flyball, 9LD, EV 95.0 MPH), Distance : 350 ft
|
Batting: RHB Alex Colon
|
0-0: Called Strike 0-1: Ball 1-1: Ball 2-1: Ground out 3-1 (Groundball, 34, EV 83.8 MPH)
|
Bottom of the 8th over - 2 runs, 1 hit, 0 errors, 0 left on base; Portland 6 - Trenton 6 |
TOP OF THE 9TH |
Portland Sea Dogs batting - Pitching for Trenton Thunder : RHP Jimmy Wilder
|
Pitching: RHP David Durr
|
|
Batting: LHB David Moore
|
0-0: Ball 1-0: Ball 2-0: Ball 3-0: Called Strike 3-1: Foul Ball, location: 2F 3-2: SOLO HOME RUN (Line Drive, 89XD, EV 103.8 MPH), Distance : 431 ft
|
Batting: RHB Dave Burwell
|
0-0: Ball 1-0: Ground out 6-3 (Groundball, 6, EV 87.5 MPH)
|
Batting: LHB Dave Reyes
|
0-0: Ball 1-0: DOUBLE (Line Drive, 3D, EV 104.4 MPH)
|
Batting: RHB Alex Melendez
|
0-0: Called Strike 0-1: Fly out, F7 (Flyball, 7D, EV 100.6 MPH) Runner from 2nd tags up, SAFE at 3rd, no throw by LF
|
Batting: RHB Mike Batko
|
0-0: Called Strike 0-1: Ball 1-1: Swinging Strike 1-2: Strikes out looking
|
Top of the 9th over - 1 run, 2 hits, 0 errors, 1 left on base; Portland 7 - Trenton 6 |
BOTTOM OF THE 9TH |
Trenton Thunder batting - Pitching for Portland Sea Dogs : RHP Pedro Torres
|
Pitching: RHP Aaron Brannon
|
|
Batting: SHB David Stewart
|
0-0: Called Strike 0-1: Ball 1-1: Ball 2-1: Fly out, F8 (Flyball, 8RM, EV 89.4 MPH)
|
Batting: SHB Houston Phillips
|
0-0: Ground out U3 (Groundball, 23, EV 84.4 MPH)
|
Batting: RHB Phil Reeves
|
0-0: Foul Ball, location: 2F 0-1: Swinging Strike 0-2: Foul Ball, location: 2F 0-2: Ball 1-2: Ball 2-2: Foul Ball, location: 2F 2-2: Strikes out swinging
|
Bottom of the 9th over - 0 runs, 0 hits, 0 errors, 0 left on base; Portland 7 - Trenton 6 |
|